 Dungeon Crawl Stone Soup version 0.19-a0-1682-g5114f93 (webtiles) character file.

13424 TheGoonsmith the Carver (level 11, -8/81 HPs)
             Began as a Demonspawn Chaos Knight on Sept 24, 2016.
             Killed from afar by a ynoxinul (21 damage)
             ... with an iron shot
             ... summoned by Xom
             ... on level 1 of the Lair of Beasts.
             The game lasted 00:26:53 (12117 turns).

TheGoonsmith the Carver (Demonspawn Chaos Knight)  Turns: 12117, Time: 00:26:54

Health: -8/81      AC: 17    Str: 15    XL:     11   Next: 75%
Magic:  16/16      EV: 16    Int: 14    God:    Xom [......]
Gold:   369        SH:  0    Dex: 18    Spells: 2 memorised, 4 levels left

rFire  . . .     SeeInvis +     a - +5 long sword (elec)
rCold  . . .     Gourm    .     j - +3 leather armour of the Pink Corner {MR+}
rNeg   . . .     Faith    .     (no shield)
rPois  .         Spirit   .     (helmet restricted)
rElec  .         Dismiss  .     g - +2 cloak {+Inv}
rCorr  .         Reflect  .     (no gloves)
MR     +....     Harm     .     e - +2 pair of boots {Fly}
Stlth  +.........               i - amulet of regeneration
                                B - +5 ring of dexterity
                                Y - +4 ring of protection

@: no status effects
A: antennae 2, claws 2, see invisible, foul stench 1, powered by pain 1, rot
immunity
a: Renounce Religion, Evoke Invisibility, Evoke Flight


You were on level 1 of the Lair of Beasts.
You worshipped Xom.
You were a very special plaything of Xom.
You were not hungry.

You visited 2 branches of the dungeon, and saw 12 of its levels.

You collected 3279 gold pieces.
You spent 2910 gold pieces at shops.

Inventory:

Hand Weapons
 a - a +5 long sword of electrocution (weapon)
Armour
 e - a +2 pair of boots of flying (worn)
 g - a +2 cloak of invisibility (worn)
 j - the +3 leather armour of the Pink Corner (worn) {MR+}
   (You found it on level 4 of the Dungeon)

   It affects your resistance to hostile enchantments.
Rods
 b - a +6 rod of shadows (13/13)
   (You bought it in a shop on level 7 of the Dungeon)
Jewellery
 i - an amulet of regeneration (around neck)
 s - the ring of Qotev {+Fly MR+, unknown}
   (You found it on level 1 of the Lair of Beasts)

   [ring of protection from magic]

   It affects your resistance to hostile enchantments.
   It lets you fly.
 B - a +5 ring of dexterity (right claw)
 Y - a +4 ring of protection (left claw)
Wands
 y - a wand of digging (15/24)
 A - a wand of lightning (7/15)
 K - a wand of disintegration (4/24)
 L - a wand of polymorph (11/24)
 S - a wand of lightning (7/15)
 W - a wand of random effects (8/48)
Scrolls
 n - a scroll of enchant armour
 p - 8 scrolls of remove curse
 r - 4 scrolls of identify
 C - a scroll of fear
 E - 5 scrolls of teleportation
 G - 2 scrolls of recharging
Potions
 d - 2 potions of haste
 h - 7 potions of might
 k - 7 potions of curing
 l - 5 potions of heal wounds
 m - 2 potions of lignification
 o - 2 potions of flight
 q - a potion of brilliance
 t - 2 potions of agility
 w - a potion of resistance
 z - a potion of magic
 D - 4 potions of cure mutation
 H - a potion of invisibility
 I - a potion of berserk rage
Books
 f - the Handbook of Combat Magic and Ice
   (You found it on level 1 of the Lair of Beasts)

   Spells                             Type                      Level
   a - Flame Tongue                   Conjuration/Fire             1
   b - Freeze                         Ice                          1
   c - Venom Bolt                     Conjuration/Poison           5
   d - Bolt of Fire                   Conjuration/Fire             6
   e - Spellforged Servitor           Conjuration/Summoning        7
Miscellaneous
 U - 2 sacks of spiders
Comestibles
 c - 12 bread rations
 u - 8 chunks of flesh
 x - 7 meat rations
 J - 12 royal jellies
 M - 2 slices of pizza
 P - 3 fruits
 Q - 5 beef jerkies


   Skills:
 - Level 6.0 Fighting
 * Level 13.9 Long Blades
 - Level 1.7 Armour
 - Level 6.0 Dodging
 + Level 7.3 Evocations


You had 4 spell levels left.
You knew the following spells:

 Your Spells              Type           Power        Failure   Level  Hunger
a - Regeneration          Chrm/Necr      #.........   90%         3    ####...
b - Spectral Weapon       Hex/Chrm       #.......     90%         3    ####...


Dungeon Overview and Level Annotations

Branches:
Dungeon (11/15)            Temple (0/1) D:4            Lair (1/6) D:11
    Orc (0/2) D:10

Altars:
Dithmenos
Fedhas
Kikubaaqudgha
Makhleb
Qazlal
Ru
Trog
Xom
Yredelemnul
The Shining One

Shops:
D:6 !   D:7 *!}=


Innate Abilities, Weirdness & Mutations

You have a pair of antennae on your head.
You have very sharp fingernails.
You may emit foul miasma when damaged in melee.
You sometimes gain a little power by taking damage.
You are immune to rotting.
You have supernaturally acute eyesight. (SInv)


Message History

The ufetubus closely misses you. The ufetubus barely misses you.
You barely miss the ynoxinul.
The ynoxinul is severely wounded.
The ufetubus hits you but does no damage.
The ufetubus barely misses you. The quasit closely misses you. x2
The quasit claws you but does no damage.
The ynoxinul gestures at you. The iron shot hits you!
* * * LOW HITPOINT WARNING * * *
The ufetubus misses you. x2
You hit the ynoxinul.
The ynoxinul is almost dead.
The ufetubus barely misses you. The ufetubus closely misses you.
The quasit closely misses you. x2
The quasit claws you but does no damage.
The ufetubus misses you.
The ufetubus hits you but does no damage.
The ynoxinul gestures at you. The iron shot hits you!
You die...

..............#
..............#
..............####
................## .#
#................. ##.#
#.........#..†....
#...####.................
###.....35§§..............
##........@.§.........._...
#........5.5.§.............
#..........................
#..........................
##............#..#####......
#P............####
#.............#
#......##........
##...######.......


You could see a ynoxinul, a quasit and 2 ufetubi.

Vanquished Creatures
  An ice dragon (D:10)
  2 hill giants
  The ghost of moogleknight the Poker, a novice FoAK of Lugonu (D:5)
  Psyche (D:9)
  A gargoyle (D:11)
  A spiny frog (D:11)
  A komodo dragon (D:11)
  A troll (D:11)
  The ghost of TheGoonsmith the Cudgeler, an amateur DsCK of Xom (D:4)
  4 blink frogs (Lair:1)
  2 hippogriffs (Lair:1)
  2 shadows (D:11)
  A yak (Lair:1)
  2 basilisks
  Menkaure (D:7)
  A porcupine (Lair:1)
  A water moccasin (D:11)
  2 sky beasts
  4 wasps
  2 ice beasts
  3 ogres
  2 black bears
  4 necrophages
  A wolf (Lair:1)
  A phantom (D:9)
  3 centaurs
  A crocodile (D:7)
  3 big kobolds (D:4)
  6 bullfrogs
  A wyvern skeleton (D:9)
  6 scorpions
  6 killer bees (D:8)
  3 wights (D:10)
  4 howler monkeys
  7 crimson imps
  2 centaur zombies
  A jelly (D:10)
  A quasit (D:7)
  A wasp zombie (D:10)
  A bullfrog skeleton (D:9)
  5 orc priests
  4 hounds
  A gnoll shaman (D:8)
  7 orc wizards
  Ijyb (D:2)
  Terence (D:3)
  5 iguanas
  10 worker ants
  A hound zombie (D:10)
  Robin (D:4)
  5 adders
  16 gnolls
  3 river rats (Lair:1)
  3 shadow imps
  An ooze (D:1)
  An adder skeleton (D:4)
  2 worms
  4 dart slugs
  9 leopard geckos
  26 orcs
  3 giant cockroaches
  40 goblins
  36 hobgoblins
  4 jackals (D:1)
  12 quokkas
  A ball python (D:4)
  6 bats
  6 frilled lizards
  A jackal zombie (D:5)
  10 kobolds
  A quokka skeleton (D:6)
  A quokka zombie (D:5)
  25 rats
341 creatures vanquished.

Vanquished Creatures (collateral kills)
  A hydra (Lair:1)
  Nergalle (Lair:1)
  2 black mambas (Lair:1)
  A hippogriff (D:9)
  3 yaks (Lair:1)
  2 wolves (Lair:1)
  A centaur (D:9)
  A bullfrog (Lair:1)
  2 iguanas (Lair:1)
  2 river rats (Lair:1)
  A leopard gecko (D:2)
  A hobgoblin (D:4)
  A frilled lizard (D:2)
19 creatures vanquished.

Vanquished Creatures (others)
  A centaur (D:11)
1 creature vanquished.

Grand Total: 361 creatures vanquished

Notes
Turn   | Place    | Note
-------+----------+-------------------------------------------
     0 | D:1      | TheGoonsmith the Demonspawn Chaos Knight began the quest for the Orb.
     0 | D:1      | Reached XP level 1. HP: 18/18 MP: 1/1
   140 | D:1      | Reached skill level 3 in Long Blades
   177 | D:1      | Gained mutation: You are immune to rotting. [demonic ancestry]
   177 | D:1      | Reached XP level 2. HP: 24/24 MP: 2/2
   360 | D:1      | Reached XP level 3. HP: 29/29 MP: 3/3
  1215 | D:2      | Found a blossoming altar of Fedhas.
  1348 | D:2      | Reached skill level 4 in Long Blades
  1530 | D:2      | XOM: divination: detect creatures
  1912 | D:2      | XOM: harmless Divn miscast
  1934 | D:3      | Noticed Sigmund
  1934 | D:3      | Noticed Ijyb
  1941 | D:2      | Gained mutation: You have a pair of small antennae on your head. [demonic ancestry]
  1941 | D:2      | Reached XP level 4. HP: 36/36 MP: 4/4
  2007 | D:3      | XOM: harmless Conj miscast
  2029 | D:2      | Killed Ijyb
  2052 | D:2      | XOM: give mutation
  2052 | D:2      | Gained mutation: You have supernaturally acute eyesight. (SInv) [Xom's grace]
  2138 | D:2      | XOM: god gift: glowing brown potion {god gift}
  2312 | D:4      | XOM: enchant monster (bad)
  2453 | D:4      | Gained mutation: You may emit foul miasma when damaged in melee. [demonic ancestry]
  2453 | D:4      | Reached XP level 5. HP: 37/42 MP: 5/5
  2503 | D:4      | Got a slimy leather armour
  2514 | D:4      | Identified the +3 leather armour of the Pink Corner {MR+} (You found it on level 4 of the Dungeon)
  2520 | D:4      | Noticed TheGoonsmith's ghost (amateur DsCK)
  2537 | D:4      | Killed TheGoonsmith's ghost
  2537 | D:4      | Reached skill level 5 in Long Blades
  2537 | D:4      | Gained mutation: You have sharp fingernails. [demonic ancestry]
  2537 | D:4      | Reached XP level 6. HP: 36/49 MP: 6/6
  2660 | D:4      | Found a shadowy altar of Dithmenos.
  2710 | D:4      | Found a stormy altar of Qazlal.
  2823 | D:4      | Found a staircase to the Ecumenical Temple.
  2861 | D:4      | Noticed Robin
  2936 | D:3      | XOM: 1-stop teleportation journey
  3140 | D:3      | Reached skill level 5 in Fighting
  3140 | D:3      | Reached skill level 6 in Long Blades
  3265 | D:3      | XOM: summons friendly iron imp
  3273 | D:3      | XOM: cast spell 'Death Channel'
  3274 | D:3      | Noticed Sigmund
  3274 | D:3      | Sigmund changed into Sigmund the scorpion
  3274 | D:3      | XOM: polymorph Sigmund -> Sigmund the scorpion
  3581 | D:4      | XOM: 1-stop teleportation journey
  3631 | D:4      | Reached XP level 7. HP: 56/56 MP: 7/7
  3762 | D:4      | XOM: silly message
  3876 | D:4      | Killed Robin
  4042 | D:4      | XOM: divination: detect creatures
  4249 | D:4      | XOM: cast spell 'Call Canine Familiar'
  4260 | D:4      | Reached skill level 7 in Long Blades
  4429 | D:4      | XOM: silly message
  4681 | D:5      | Entered Level 5 of the Dungeon
  4703 | D:5      | Reached skill level 1 in Dodging
  4704 | D:5      | Noticed moogleknight's ghost (novice FoAK)
  4749 | D:5      | Killed moogleknight's ghost
  4749 | D:5      | Reached skill level 8 in Long Blades
  4749 | D:5      | Gained mutation: You sometimes gain a little power by taking damage. [demonic ancestry]
  4749 | D:5      | Reached XP level 8. HP: 33/64 MP: 8/8
  4951 | D:5      | XOM: cast spell 'Statue Form'
  4973 | D:5      | XOM: divination: detect items
  5043 | D:5      | XOM: noise
  5400 | D:5      | XOM: summons 4 hostile demons
  5759 | D:6      | Found an ancient bone altar of Kikubaaqudgha.
  5977 | D:6      | Reached skill level 9 in Long Blades
  6012 | D:6      | Gained mutation: You have a pair of antennae on your head. [demonic ancestry]
  6012 | D:6      | Reached XP level 9. HP: 69/69 MP: 9/9
  6265 | D:6      | Found Diwareto's Distillery.
  6273 | D:6      | Bought a potion of might for 44 gold pieces
  6273 | D:6      | Bought a potion of heal wounds for 55 gold pieces
  6273 | D:6      | Bought a potion of invisibility for 88 gold pieces
  6273 | D:6      | Bought a potion of berserk rage for 55 gold pieces
  6273 | D:6      | Bought a potion of curing for 33 gold pieces
  6273 | D:6      | Bought a potion of curing for 33 gold pieces
  6273 | D:6      | Bought a potion of curing for 33 gold pieces
  6273 | D:6      | Bought a potion of curing for 33 gold pieces
  6419 | D:6      | XOM: harmless Fire miscast
  6488 | D:7      | Found Kazxelih's General Store.
  6508 | D:7      | XOM: torment (32/69 hp)
  6652 | D:5      | XOM: noise
  6749 | D:3      | XOM: noise
  6778 | D:3      | Noticed Terence
  6780 | D:3      | Killed Terence
  6901 | D:3      | Killed Sigmund the scorpion
  7043 | D:3      | XOM: medium Air miscast
  7157 | D:3      | XOM is BORED!
  7362 | D:7      | Found Loikh's Gadget Boutique.
  7387 | D:7      | Found Paczae's Distillery.
  7404 | D:7      | Bought a potion of agility for 44 gold pieces
  7404 | D:7      | Bought a potion of might for 44 gold pieces
  7404 | D:7      | Bought a potion of heal wounds for 55 gold pieces
  7433 | D:7      | Noticed Menkaure
  7434 | D:7      | Killed Menkaure
  7434 | D:7      | Reached skill level 5 in Dodging
  7465 | D:7      | Found Cilae's Jewellery Shop.
  7473 | D:7      | Reached skill level 10 in Long Blades
  7515 | D:7      | XOM: summons 4 hostile demons
  7615 | D:7      | Found a bloodstained altar of Trog.
  7649 | D:7      | XOM: potion effect (haste)
  7670 | D:7      | XOM: stat loss: -1 Int (13/14)
  7764 | D:8      | XOM: destruction
  7895 | D:8      | Found a burning altar of Makhleb.
  7900 | D:8      | XOM: scenery: 1 doors close
  8253 | D:8      | XOM: silly message
  8277 | D:8      | XOM: harmless Erth miscast
  8458 | D:8      | XOM: summons friendly iron imp
  8507 | D:8      | XOM: confuse monster(s)
  8531 | D:8      | XOM: blink monster(s)
  8920 | D:8      | Reached skill level 1 in Evocations
  8920 | D:8      | Reached XP level 10. HP: 64/76 MP: 10/10
  8989 | D:9      | XOM: summons friendly ufetubus
  8993 | D:9      | Reached skill level 11 in Long Blades
  9006 | D:9      | XOM: divination: magic mapping
  9047 | D:9      | Noticed a hill giant
  9065 | D:9      | Killed a hill giant
  9126 | D:9      | XOM: summons 8 friendly demons
  9144 | D:9      | XOM: god gift: 2260 gold pieces
  9230 | D:9      | Noticed Psyche
  9240 | D:9      | Killed Psyche
  9284 | D:9      | Found a glowing golden altar of the Shining One.
  9284 | D:9      | Found a shimmering altar of Xom.
  9284 | D:9      | XOM: 3-stop teleportation journey
  9402 | D:7      | Bought a potion of heal wounds for 55 gold pieces
  9402 | D:7      | Bought a potion of curing for 33 gold pieces
  9431 | D:7      | Bought a sack of spiders for 300 gold pieces
  9431 | D:7      | Bought a sack of spiders for 300 gold pieces
  9431 | D:7      | Bought a +6 rod of shadows (13/13) for 1705 gold pieces
  9640 | D:9      | Found a sacrificial altar of Ru.
  9641 | D:9      | Found a basalt altar of Yredelemnul.
  9723 | D:10     | Entered Level 10 of the Dungeon
  9733 | D:10     | XOM: god gift: 28 sling bullets
  9850 | D:10     | Noticed a hill giant
  9850 | D:10     | XOM: cleaving
  9853 | D:10     | XOM: fog
  9857 | D:10     | Killed a hill giant
  9857 | D:10     | Reached skill level 12 in Long Blades
  9873 | D:10     | XOM: 2-stop teleportation journey
  9922 | D:10     | XOM: divination: detect creatures
 10139 | D:10     | XOM: harmless Ice miscast
 10292 | D:10     | Found a staircase to the Orcish Mines.
 10524 | D:10     | Noticed a hill giant
 10525 | D:10     | XOM: medium Chrm miscast
 10526 | D:10     | Noticed an ice dragon
 10526 | D:10     | a hill giant changed into an ice dragon
 10526 | D:10     | XOM: polymorph hill giant -> ice dragon
 10530 | D:10     | XOM: enchant monster (good)
 10536 | D:10     | Killed an ice dragon
 10536 | D:10     | Reached skill level 5 in Evocations
 10611 | D:11     | Gained mutation: You have very sharp fingernails. [demonic ancestry]
 10611 | D:11     | Reached XP level 11. HP: 79/81 MP: 14/14
 10723 | D:11     | XOM: mild Conj miscast
 10776 | D:11     | Found a staircase to the Lair.
 10780 | D:11     | XOM: enchant monster (bad)
 10971 | D:11     | XOM: harmless Ice miscast
 11004 | D:11     | XOM: silly message
 11067 | D:11     | Reached skill level 13 in Long Blades
 11118 | D:11     | XOM is BORED!
 11118 | D:11     | XOM: harmless Fire miscast
 11272 | D:11     | XOM: cast spell 'Summon Butterflies'
 11466 | Lair:1   | Entered Level 1 of the Lair of Beasts
 11479 | Lair:1   | XOM: divination: detect items
 11486 | Lair:1   | XOM: blink monster(s)
 11494 | Lair:1   | XOM: scenery: create altars
 11622 | Lair:1   | XOM: harmless Ice miscast
 11627 | Lair:1   | Got a glittering turquoise ring
 11630 | Lair:1   | Noticed an eight-headed hydra
 11640 | Lair:1   | Killed an eight-headed hydra
 11656 | Lair:1   | Noticed Nergalle
 11670 | Lair:1   | Killed Nergalle
 11718 | Lair:1   | Learned a level 3 spell: Regeneration
 11722 | Lair:1   | Learned a level 3 spell: Spectral Weapon
 11816 | Lair:1   | XOM: mild Chrm miscast
 11957 | Lair:1   | XOM: fake destruction
 11959 | Lair:1   | XOM: summons 11 friendly demons
 12071 | Lair:1   | Identified the Handbook of Combat Magic and Ice
 12101 | Lair:1   | XOM: summons 4 hostile demons
 12111 | Lair:1   | XOM: harmless Divn miscast
 12117 | Lair:1   | Killed from afar by a ynoxinul

Vault maps used:
D:1:      lemuel_arrival_rhombus
D:2:      nicolae_overflow_hidden_temple
D:3:      minmay_rat_hole, uniq_sigmund, uniq_terence, uniq_iyjb
D:4:      minmay_goblin_kobold_castle, marbit_many_paths, first_bread,
          nrook_loot_triangle, serial_bayou_pond_c, serial_bayou_lagoon_a,
          nicolae_dithmenos_through_a_glass_darkly, uniq_robin
D:6:      kiku_gazebo_garden_becter, serial_shops, shop
D:7:      kennysheep_mini_moat, serial_shops, shop, kennysheep_mini, shop, shop,
          uniq_menkaure
D:8:      makhleb_grotto_becter, hangedman_pestilent_swarm
D:9:      minitemple, roderic_lattice_a, uniq_psyche
D:10:     minmay_distorted_concentric_squares, orc_0_dummy
D:11:     dpeg_lair_monsters
Lair:1:   beast_lair_carwin_5, infiniplex_staircase_pool, uniq_nergalle

Skill      XL: |  1  2  3  4  5  6  7  8  9 10 11 |
---------------+----------------------------------+-----
Long Blades    | 3 4 5 6 8 9 10 12 13 | 13.9
Fighting       | 4 5 6 |  6.0
Dodging        | 2 4 6 |  6.0
Evocations     | 1 5 7 |  7.3
Armour         | |  1.7

Action                   |  1- 3 |  4- 6 |  7- 9 | 10-12 || total
-------------------------+-------+-------+-------+-------++-------
Melee: Falchion          |   172 |    26 |       |       ||   198
       Long sword        |       |    98 |   590 |   396 ||  1084
 Abil: Stop Flying       |       |       |       |     1 ||     1
       Evoke Invisibilit |       |       |       |     1 ||     1
Evoke: Rod               |       |       |       |     7 ||     7
       Wand              |       |       |       |     4 ||     4
  Use: Scroll            |       |     6 |     9 |     9 ||    24
       Potion            |       |     2 |     2 |     2 ||     6
 Stab: Petrifying        |     2 |       |       |       ||     2
       Paralysed         |     1 |       |       |       ||     1
       Sleeping          |       |       |     2 |     3 ||     5
       Invisible         |       |       |       |     4 ||     4
       Betrayed ally     |       |       |       |     1 ||     1
       Distracted        |       |       |       |     1 ||     1
  Eat: Chunk             |     1 |     1 |     9 |    14 ||    25
       Bread ration      |     1 |       |       |       ||     1
       Meat ration       |       |     1 |     1 |       ||     2
       Beef jerky        |       |       |     1 |       ||     1
Armor: Leather armour    |    53 |    45 |   147 |   130 ||   375
       Skin              |       |       |     8 |       ||     8
Dodge: Dodged            |   103 |    54 |   385 |   321 ||   863
